 Dungeon Crawl Stone Soup version 0.28-a0-474-g535839065c (webtiles) character file.

Game seed: 12618574466521809551

160 HuGe the Skirmisher (level 5, 0/47 HPs)
             Began as a Hill Orc Berserker on Sept 15, 2021.
             Was a Believer of Trog.
             Slain by an adder (1 damage)
             ... on level 4 of the Dungeon.
             The game lasted 00:08:16 (4061 turns).

HuGe the Skirmisher (Hill Orc Berserker)            Turns: 4061, Time: 00:08:16

Health: 0/47       AC:  5    Str: 21    XL:     5   Next: 41%
Magic:  5/5        EV:  9    Int:  7    God:    Trog [**....]
Gold:   100        SH: 10    Dex: 16    Spells: 4/4 levels left

rFire   . . .      SeeInvis .   j - +0 spear (venom)
rCold   . . .      Faith    .   b - +2 kite shield
rNeg    + . .      Spirit   .   w - +0 ring mail
rPois   .          Reflect  .   (no helmet)
rElec   .          Harm     .   (no cloak)
rCorr   .          Rampage  .   (no gloves)
Will    .....                   (no boots)
Stlth   +.........              (no amulet)
HPRegen 0.15/turn               g - +6 ring of dexterity
MPRegen 0.09/turn               v - ring of positive energy

@: on berserk cooldown
A: no striking features
a: Renounce Religion, Berserk, Trog's Hand


You were on level 4 of the Dungeon.
You worshipped Trog.
Trog was pleased with you.
You visited 1 branch of the dungeon, and saw 4 of its levels.

You collected 100 gold pieces.

Inventory:

Hand Weapons
 d - a +0 flail
 j - a +0 spear of venom (weapon)
 l - a +0 hunting sling
Missiles
 u - 16 sling bullets
Armour
 b - a +2 kite shield (worn)
 w - a +0 ring mail (worn)
Jewellery
 g - a +6 ring of dexterity (left hand)
 v - a ring of positive energy (right hand)
Wands
 r - a wand of mindburst (10)
Scrolls
 a - a scroll of holy word {unknown}
 c - 2 scrolls of amnesia {unknown}
 e - 2 scrolls of identify {unknown}
 f - a scroll of magic mapping {unknown}
 h - 2 scrolls of teleportation {unknown}
 i - 2 scrolls of noise {unknown}
 o - a scroll of blinking {unknown}
 p - a scroll of fear {unknown}
 q - a scroll of enchant armour {unknown}
 t - a scroll of torment {unknown}
Potions
 k - a potion of curing {unknown}
 m - a potion of flight {unknown}
 n - a potion of ambrosia {unknown}
 s - a potion of berserk rage {unknown}


   Skills:
 + Level 4.4 Fighting
 + Level 3.6 Long Blades
 + Level 0.6 Maces & Flails
 + Level 2.1 Polearms
 + Level 0.6 Slings
 + Level 2.9 Armour
 + Level 1.8 Dodging
 + Level 0.4 Stealth
 + Level 2.3 Shields


You had 4 spell levels left.
You didn't know any spells.
Your spell library was empty.

Dungeon Overview and Level Annotations

Branches:
Dungeon (4/15)
 Temple: D:4-7

Altars:
Hepliaklqana

Shops:
D:1 [


Message History

* * * LOW HITPOINT WARNING * * *
You block the adder's attack.
You hit the adder.
The adder is poisoned.
The adder is moderately wounded.
Your skin stops crawling.
You feel less strong-willed.
* * * LOW HITPOINT WARNING * * *
You feel very sick.
You block the adder's attack. x2; The adder bites you but does no damage.
The adder bites you.
* * * LOW HITPOINT WARNING * * *
You barely miss the adder.
* * * LOW HITPOINT WARNING * * *
You feel very sick. You block the adder's attack. The adder barely misses you.
The adder misses you. You block the adder's attack. x2
The adder barely misses you.
You hit the adder.
The adder is lightly wounded.
You feel sick. You block the adder's attack. The adder closely misses you.
The adder bites you.
* * * LOW HITPOINT WARNING * * *
You block the adder's attack.
You barely miss the adder.
The adder is lightly wounded.
You feel yourself speed up.
* * * LOW HITPOINT WARNING * * *
You feel sick.
You block the adder's attack. x3; The adder barely misses you.
The adder bites you but does no damage.
You hit the adder but do no damage.
The adder is poisoned.
The adder is lightly wounded.
* * * LOW HITPOINT WARNING * * *
You feel sick.
You are no longer poisoned.
The adder barely misses you. You block the adder's attack.
The adder closely misses you.
You miss the adder.
The adder is heavily wounded.
The adder looks more healthy.
You block the adder's attack. The adder bites you.
You die...

#........#######
..
#...............
#.
#.#####.########
#.# #####.#####.#
#..##...........#
##........######.#
......#..# #.#
.#..##S## #.#
#..##...S@# #.#
#.....?.### #.#
.(.#...#..# ... .
#..##..# #.# #..
...# .... ...#
.... ...## .#..#
.... #.. ##


You could see 2 adders.

Vanquished Creatures
  A scorpion (D:4)
  4 adders
  A dart slug (D:1)
  10 ball pythons
  5 endoplasms
  4 giant cockroaches
  8 goblins
  7 hobgoblins
  4 quokkas
  3 bats
  2 frilled lizards (D:3)
  5 kobolds
  9 rats
63 creatures vanquished.

Notes
Turn   | Place    | Note
-------+----------+-------------------------------------------
     0 | D:1      | HuGe the Hill Orc Berserker began the quest for the Orb.
     0 | D:1      | Reached XP level 1. HP: 19/19 MP: 1/1
   630 | D:1      | Reached XP level 2. HP: 27/27 MP: 2/2
   716 | D:1      | Found Guoh's Armour Emporium.
  1080 | D:1      | Reached skill level 4 in Fighting
  1538 | D:1      | Reached skill level 1 in Shields
  1538 | D:1      | Reached XP level 3. HP: 33/33 MP: 3/3
  2178 | D:2      | Found a faded altar of an unknown god.
  2353 | D:2      | Reached ** piety under Trog
  2406 | D:2      | Reached XP level 4. HP: 38/40 MP: 4/4
  2449 | D:2      | Reached skill level 1 in Polearms
  3605 | D:3      | Found a hazy altar of Hepliaklqana.
  4033 | D:4      | Noticed a scorpion
  4039 | D:4      | Killed a scorpion
  4040 | D:4      | Reached XP level 5. HP: 47/47 MP: 5/5
  4059 | D:4      | HP: 1/47 [poisoned by an adder]
  4061 | D:4      | Slain by an adder

Illustrated notes

Levels and vault maps discovered:
D:1:      dpeg_arrival_round_c, layout_basic, serial_shops,
          nicolae_shop_temple_entry_statues_fountains
D:2:      layout_rooms, basic_ecumenical_altar
D:3:      layout_rooms, marbit_many_paths
D:4:      layout_loops_corners, glass_columns_c, hangedman_decor_points,
          uniq_duvessa

Skill      XL: |  1  2  3  4 |
---------------+-------------+-----
Fighting       | 4 |  4.4
Shields        | 1 2 |  2.3
Polearms       | 2 |  2.1
Long Blades    | |  3.6
Maces & Flails | |  0.6
Slings         | |  0.6
Armour         | |  2.9
Dodging        | |  1.8
Stealth        | |  0.4

Action                   |  1- 3 |  4- 6 || total
-------------------------+-------+-------++-------
Melee: Falchion          |    22 |       ||    22
       Flail             |    28 |       ||    28
       Spear             |    43 |    78 ||   121
 Fire: Hunting sling     |       |     6 ||     6
Invok: Berserk           |     2 |     2 ||     4
       Trog's Hand       |       |     1 ||     1
Armor: Leather armour    |    29 |     7 ||    36
       Ring mail         |       |    17 ||    17
Dodge: Dodged            |    55 |    38 ||    93
Block: Kite shield       |    78 |    53 ||   131

Table legend: (Time is in decaauts)
 A = Elapsed time spent in this place.
 B = Non-inter-level travel time spent in this place.
 C = Inter-level travel time spent in this place.
 D = Time resting spent in this place.
 E = Time spent auto-exploring this place.
 F = Levels seen in this place.
 G = Mean time per level.
                   A        B        C        D        E       F      G
               +--------+--------+--------+--------+--------+-----+--------+
         Total |   4166 |   4166 |      0 |   1583 |   1647 |   4 | 1041.5 |
       Dungeon |   4166 |   4166 |      0 |   1583 |   1647 |   4 | 1041.5 |
               +--------+--------+--------+--------+--------+-----+--------+

Top non-repeatable levels by time:
     D:1: 2139 daAuts
     D:2: 1257 daAuts
     D:3: 679 daAuts
     D:4: 90 daAuts
